 Dungeon Crawl Stone Soup version 0.31-a0-986-g5e6e4ef867 (webtiles) character file.

Game seed: 5667146433014282087

5235 wingedge the Alchemist (level 10, -2/51 HPs)
             Began as a Spriggan Earth Elementalist on Oct 30, 2023.
             Was an Elder of Vehumet.
             Slain by Harold
             ... wielding a +0 trident
              (16 damage)
             ... on level 9 of the Dungeon on Nov 7, 2023.
             The game lasted 00:41:01 (13062 turns).

wingedge the Alchemist (SpEE)                      Turns: 13062, Time: 00:41:02

Health: -2/51      AC:  4    Str:  4    XL:     10   Next: 35%
Magic:  12/33      EV:  9    Int: 21    God:    Vehumet [****..]
Gold:   553        SH:  0    Dex: 16    Spells: 12/27 levels left

rFire   . . .        p - staff of poison
rCold   . . .        (shield currently unavailable)
rNeg    + . .        R - +2 robe {rN+}
rPois   +            (helmet restricted)
rElec   .            r - scarf {+Inv}
rCorr   .            (gloves unavailable)
SInv    +            (boots unavailable)
Will    +....        E - amulet of faith
Stlth   +++          d - ring of magical power
HPRegen 0.28/turn    (no ring)
MPRegen 0.23/turn

%: faith
@: held, very quick
A: very small, no large weapons, unfitting armour, see invisible, speed 3
a: Renounce Religion, Evoke Invisibility


You were on level 9 of the Dungeon.
You worshipped Vehumet.
Vehumet was greatly pleased with you.
You visited 2 branches of the dungeon, and saw 10 of its levels.
You also visited: Ossuary.

You collected 553 gold pieces.

Inventory:

Hand Weapons
 a - a +2 sling of flaming
 b - a +2 whip of flaming
 i - a +2 dagger of speed
 k - a +0 short sword of speed
 u - a +1 dagger of protection
 v - a +2 dagger of freezing
 N - a +3 falchion
 P - a +3 flail of draining
Missiles
 m - 3 throwing nets
 O - 32 poisoned darts
Armour
 r - a scarf of invisibility (worn)
 R - a +2 robe of positive energy (worn)
Magical Staves
 p - a staff of poison (weapon)
Jewellery
 d - a ring of magical power (left hand)
 f - a ring of ice
 h - an amulet of reflection
 E - an amulet of faith (around neck)
Wands
 Q - a wand of paralysis (7)
Scrolls
 e - a scroll of fog
 g - 2 scrolls of torment
 l - a scroll of enchant armour
 n - 10 scrolls of teleportation
 q - 2 scrolls of revelation {unknown}
 s - 3 scrolls of enchant weapon {unknown}
 w - a scroll of poison {unknown}
 y - 2 scrolls of immolation {unknown}
 D - a scroll of fear {unknown}
 G - a scroll of amnesia {unknown}
 H - 3 scrolls of identify
 J - a scroll of brand weapon {unknown}
 M - 2 scrolls of noise {unknown}
Potions
 c - 5 potions of magic
 j - 3 potions of brilliance
 o - 2 potions of ambrosia {unknown}
 t - 2 potions of lignification
 x - 2 potions of might {unknown}
 z - 2 potions of berserk rage {unknown}
 A - 5 potions of curing {unknown}
 B - 2 potions of attraction {unknown}
 C - 4 potions of haste {unknown}
 F - 2 potions of heal wounds {unknown}
 I - a potion of enlightenment {unknown}
 K - 2 potions of mutation {unknown}
 L - 2 potions of invisibility {unknown}


   Skills:
 + Level 4.5 Fighting
 - Level 3.2 Dodging
 - Level 4.0 Stealth
 - Level 9.0 Spellcasting
 - Level 3.0 Conjurations
 + Level 8.8 Translocations
 - Level 11.0 Transmutations
 - Level 1.0 Fire Magic
 - Level 5.0 Earth Magic


You had 12 spell levels left.
You knew the following spells:

 Your Spells              Type           Power      Damage    Failure   Level
a - Sandblast             Erth           60%        2d14      1%          1
b - Stone Arrow           Conj/Erth      52%        3d10      1%          3
c - Petrify               Tmut/Erth      43%        N/A       2%          4
d - Volatile Blastmotes   Fire/Tloc      60%        2d15      1%          3
e - Iskenderun's Mystic   Conj/Tloc      34%        2d8       1%          4

Your spell library contained the following spells:

 Spells                   Type           Power      Damage    Failure   Level
 Shock                    Conj/Air       60%        1d6       1%          1
 Passwall                 Tmut/Erth      35%        N/A       1%          2
 Gell's Gravitas          Tloc           46%        N/A       1%          3
 Teleport Other           Tloc           46%        N/A       1%          3
 Brom's Barrelling Bould  Conj/Erth      26%        2d5       4%          4
 Vhi's Electric Charge    Tloc/Air       54%        N/A       12%         4
 Airstrike                Air            4%         2d(1-17)  17%         4
 Swiftness                Air            9%         N/A       22%         3
 Arcjolt                  Conj/Air       7%         1d17      26%         5
 Dispersal                Tloc           23%        N/A       28%         6
 Plasma Beam              Fire/Air       5%         2x1d16    88%         6
 Summon Mana Viper        Hex/Summ       9%         N/A       89%         5
 Malign Gateway           Summ/Tloc      13%        N/A       100%        7


Dungeon Overview and Level Annotations

Branches:
Dungeon (9/15)             Temple (1/1) D:4            Lair (0/5) D:8
Ossuary (visited)
    Orc: D:9-12

Altars:
Ashenzari
Cheibriados
Dithmenos
Elyvilon
Fedhas
Gozag
Hepliaklqana
Kikubaaqudgha
Makhleb
Nemelex Xobeh
Okawaru
Qazlal
Ru
Sif Muna
Trog
Uskayaw
Vehumet
Wu Jian
Xom
Yredelemnul
Zin
The Shining One

Annotations:
D:9 Harold


Innate Abilities, Weirdness & Mutations

You are very small and have problems with some larger weapons.
You are too small for most types of armour.
You have supernaturally acute eyesight. (SInv)
You cover ground extremely quickly. (Speed+++)


Message History

Casting: Petrify (dangerous; 2% risk of failure)
Confirm with . or Enter, or press ? or * to list all spells.
Aiming: Petrify (dangerous; 2% risk of failure)
Press: ? - help, Shift-Dir - straight line, f/p - Harold
Aim: Harold, wielding a +0 trident, wearing a +0 chain mail and quivering a throwing net (chance to affect: 32%) Harold easily resists.
Harold hits you from afar with a +0 trident!
Casting: Petrify (dangerous; 2% risk of failure)
Confirm with . or Enter, or press ? or * to list all spells.
Aiming: Petrify (dangerous; 2% risk of failure)
Press: ? - help, Shift-Dir - straight line, f/p - Harold
Aim: Harold, wielding a +0 trident, wearing a +0 chain mail and quivering a throwing net (chance to affect: 32%) Harold easily resists.
Harold hits you from afar with a +0 trident!!
Casting: Petrify (dangerous; 2% risk of failure)
Confirm with . or Enter, or press ? or * to list all spells.
Aiming: Petrify (dangerous; 2% risk of failure)
Press: ? - help, Shift-Dir - straight line, f/p - Harold
Aim: Harold, wielding a +0 trident, wearing a +0 chain mail and quivering a throwing net (chance to affect: 32%) Harold is moving more slowly.
Harold hits you from afar with a +0 trident.
Casting: Petrify (dangerous; 2% risk of failure)
Confirm with . or Enter, or press ? or * to list all spells.
Aiming: Stone Arrow (safe; 1% risk of failure)
Press: ? - help, Shift-Dir - straight line, f/p - Harold
Aim: Harold, wielding a +0 trident, wearing a +0 chain mail and quivering a throwing net (petrifying slowly, 100% to hit)
The stone arrow hits Harold!!
Harold is lightly wounded.
Harold hits you from afar with a +0 trident!
* * * LOW HITPOINT WARNING * * *
Casting: Stone Arrow (safe; 1% risk of failure)
Confirm with . or Enter, or press ? or * to list all spells.
Aiming: Stone Arrow (safe; 1% risk of failure)
Press: ? - help, Shift-Dir - straight line, f/p - Harold
Aim: Harold, wielding a +0 trident, wearing a +0 chain mail and quivering a throwing net (lightly wounded, petrifying slowly, 100% to hit)
The stone arrow hits Harold!
Harold is moderately wounded.
Harold hits you from afar with a +0 trident!
You die...
Harold sighs, "Nothing for old Harold but painting after this."

.....................#
.....................#
............(........#
.....................# ####
...########..........# #..#
...#......#..........# #..#
...#......'..........###..#########
##.#.....##........@.........(.....
.#.##....#.......@#########........
.#..#....#........# #........
.#..#....#........# #........
.#..#....#........# #.....@..
.#..######........##### #........
.#....................# #........
.#...............<....# #........
.#.....########'#.....# #.....###
##.....#........#.....# #.....#


You could see Harold (petrifying).

Vanquished Creatures
  Pikel (D:4)
  A cyclops (D:9)
  A wyvern (D:9)
  2 water moccasins
  An acid dragon (D:8)
  2 wargs (D:8)
  An ice beast (D:6)
  2 orc warriors (D:8)
  2 sky beasts (D:7)
  2 ogres
  3 lemures (D:4)
  2 phantoms
  A bullfrog (D:7)
  A kobold brigand (D:7)
  An elf skeleton (D:5)
  10 scorpions
  9 wights
  5 killer bees (D:9)
  A howler monkey (D:6)
  6 hounds
  2 human zombies (Ossuary)
  A jelly (D:6)
  6 iguanas
  2 sleepcaps (D:7)
  A gnoll bouda (D:7)
  5 human skeletons (D:5)
  10 scorpion zombies (Ossuary)
  9 orc wizards
  3 mummies (Ossuary)
  Robin (D:4)
  7 gnolls
  7 adders
  A shadow imp (D:5)
  A white imp (D:6)
  2 ufetubi (D:6)
  3 dart slugs
  22 orcs
  9 ball pythons
  6 bats
  2 endoplasms
  4 giant cockroaches
  A gnoll zombie (Ossuary)
  15 hobgoblins
  6 jackals
  4 quokkas
  3 frilled lizards
  19 goblins
  4 goblin zombies (Ossuary)
  A hobgoblin zombie (Ossuary)
  11 kobolds
  A kobold zombie (Ossuary)
  3 rats
226 creatures vanquished.

Notes
Turn   | Place    | Note
-------+----------+-------------------------------------------
     0 | D:1      | wingedge the Spriggan Earth Elementalist began the quest
                  | for the Orb.
     0 | D:1      | Reached XP level 1. HP: 9/9 MP: 5/5
   150 | D:1      | Reached XP level 2. HP: 13/13 MP: 4/6
   994 | D:2      | Found a faded altar of an unknown god.
  1079 | D:2      | Reached XP level 3. HP: 16/16 MP: 5/8
  1102 | D:2      | Learned a level 3 spell: Stone Arrow
  1875 | D:3      | Upgraded the game from 0.31-a0-978-g1e143483b6 to
                  | 0.31-a0-983-g7b6862f502
  1878 | D:3      | Reached skill level 1 in Conjurations
  1966 | D:3      | Reached XP level 4. HP: 21/21 MP: 4/10
  2498 | D:3      | Reached XP level 5. HP: 24/24 MP: 10/12
  2897 | D:4      | Noticed Pikel
  2897 | D:4      | Noticed a lemure
  2897 | D:4      | Noticed a lemure
  2911 | D:4      | Found a staircase to the Ecumenical Temple.
  2911 | D:4      | Noticed a lemure
  2941 | D:4      | Killed a lemure
  3046 | D:4      | Reached skill level 1 in Fighting
  3112 | D:4      | Reached skill level 5 in Spellcasting
  3160 | D:4      | Noticed an ogre
  3162 | D:4      | Killed an ogre
  3163 | D:4      | Reached XP level 6. HP: 30/30 MP: 7/15
  3948 | D:4      | Killed Pikel
  3949 | D:4      | Reached XP level 7. HP: 33/33 MP: 1/19
  4171 | Temple   | Entered the Ecumenical Temple
  4186 | Temple   | Became a worshipper of Vehumet
  4551 | D:4      | Noticed Robin
  4586 | D:4      | Killed Robin
  4589 | D:4      | Reached * piety under Vehumet
  4589 | D:4      | Offered knowledge of Magic Dart by Vehumet.
  4709 | D:4      | Found a glowing silver altar of Zin.
  4791 | D:4      | Upgraded the game from 0.31-a0-983-g7b6862f502 to
                  | 0.31-a0-986-g5e6e4ef867
  4986 | D:5      | Entered Level 5 of the Dungeon
  4992 | D:5      | Reached XP level 8. HP: 39/39 MP: 8/21
  5466 | D:5      | Found a sand-covered staircase.
  5473 | D:5      | Reached skill level 5 in Earth Magic
  5564 | Ossuary  | Entered an ossuary
  5604 | Ossuary  | Reached skill level 2 in Transmutations
  5929 | Ossuary  | Reached skill level 3 in Transmutations
  6167 | Ossuary  | Offered knowledge of Momentum Strike by Vehumet.
  6227 | Ossuary  | Reached ** piety under Vehumet
  6276 | Ossuary  | Reached skill level 4 in Transmutations
  6624 | Ossuary  | Reached skill level 5 in Transmutations
  6739 | Ossuary  | Reached XP level 9. HP: 45/45 MP: 11/23
  6809 | Ossuary  | Learned a level 4 spell: Petrify
  6853 | Ossuary  | Reached skill level 6 in Transmutations
  7369 | D:5      | Offered knowledge of Volatile Blastmotes by Vehumet.
  7556 | D:5      | Reached skill level 7 in Transmutations
  8373 | D:6      | Reached skill level 8 in Transmutations
  8486 | D:6      | Reached *** piety under Vehumet
  8539 | D:6      | Learned a level 3 spell: Volatile Blastmotes
  8770 | D:7      | Identified the "Obasigok"
  8783 | D:7      | Reached skill level 1 in Translocations
  8922 | D:7      | Reached skill level 1 in Fire Magic
  9105 | D:7      | Reached skill level 9 in Transmutations
  9388 | D:7      | Offered knowledge of Iskenderun's Mystic Blast by Vehumet.
  9394 | D:7      | Learned a level 4 spell: Iskenderun's Mystic Blast
  9596 | D:7      | Found a sparkling altar of Nemelex Xobeh.
  9789 | D:7      | Reached skill level 5 in Translocations
 10105 | D:7      | Reached skill level 10 in Transmutations
 10701 | D:8      | Reached XP level 10. HP: 49/49 MP: 10/24
 10794 | D:8      | Found a broken altar of Ashenzari.
 10961 | D:8      | Found a staircase to the Lair.
 11829 | D:8      | Found a sacrificial altar of Ru.
 11863 | D:9      | Noticed Harold
 12008 | D:9      | Noticed a cyclops
 12241 | D:9      | Killed a cyclops
 12242 | D:9      | Reached skill level 11 in Transmutations
 12356 | D:9      | Reached **** piety under Vehumet
 13062 | D:9      | Slain by Harold

Illustrated notes

Levels and vault maps discovered:
D:1:      nzn_arrival_water_spiral, layout_loops_ring
D:2:      cheibrodos_greedy_goblins, layout_basic,
          shapermc_ecumenical_altar_venn
D:3:      layout_loops_ring
D:4:      layout_basic, zin_treasury, minmay_temple_entry_purple_smoke,
          uniq_robin, uniq_pikel
D:5:      layout_basic, nicolae_ossuary_entry_catacombs,
          kennysheep_generic_room_9
D:6:      layout_loops_ring
D:7:      layout_rooms, mainiacjoe_overflow_24_doors, kennysheep_dice
D:8:      layout_basic, lemuel_coloured_pillars_altar, evilmike_ruin_ashenzari,
          erik_lair_orcish_takeover
D:9:      layout_irregular_city, uniq_harold
Temple:   eino_narrow_crystal_temple

Skill      XL: |  1  2  3  4  5  6  7  8  9 10 |
---------------+-------------------------------+-----
Dodging        | 3 |  3.2
Spellcasting   | 3 4 5 7 8 9 |  9.0
Earth Magic    | 3 4 5 |  5.0
Stealth        | 4 |  4.0
Conjurations   | 1 2 3 |  3.0
Fighting       | 1 2 4 |  4.5
Transmutations | 5 10 11 | 11.0
Translocations | 6 8 |  8.8
Fire Magic     | 1 |  1.0

Action                     |  1- 3 |  4- 6 |  7- 9 | 10-12 || total
---------------------------+-------+-------+-------+-------++-------
  Melee: Dagger            |       |       |    37 |       ||    37
   Fire: Shortbow          |    10 |       |       |       ||    10
         Sling             |       |       |     9 |       ||     9
   Cast: Sandblast         |    68 |    44 |    30 |       ||   142
         Stone Arrow       |       |    29 |   220 |    46 ||   295
         Petrify           |       |       |     6 |    14 ||    20
         Volatile Blastmot |       |       |     3 |     4 ||     7
         Iskenderun's Myst |       |       |       |     6 ||     6
    Use: Scroll            |       |     3 |     4 |       ||     7
 Armour: Robe              |     5 |     7 |    45 |    19 ||    76
  Dodge: Dodged            |    20 |    13 |    93 |    18 ||   144

Table legend: (Time is in decaauts)
 A = Elapsed time spent in this place.
 B = Non-inter-level travel time spent in this place.
 C = Inter-level travel time spent in this place.
 D = Time resting spent in this place.
 E = Time spent auto-exploring this place.
 F = Levels seen in this place.
 G = Mean time per level.
                   A        B        C        D        E       F      G
               +--------+--------+--------+--------+--------+-----+--------+
         Total |  10666 |  10437 |    229 |   4987 |   3470 |  11 |  969.6 |
       Dungeon |   9181 |   8969 |    212 |   4015 |   3337 |   9 | 1020.1 |
        Temple |     19 |      3 |     16 |      0 |      0 |   1 |   19.0 |
       Ossuary |   1465 |   1465 |      0 |    972 |    132 |   1 | 1465.0 |
               +--------+--------+--------+--------+--------+-----+--------+

Top non-repeatable levels by time:
     D:4: 1613 daAuts
 Ossuary: 1465 daAuts
     D:8: 1447 daAuts
     D:5: 1083 daAuts
     D:7: 1078 daAuts
     D:6: 990 daAuts
     D:3: 976 daAuts
     D:1: 710 daAuts
     D:2: 707 daAuts
     D:9: 571 daAuts
  Temple: 19 daAuts
